 Dungeon Crawl Stone Soup version 0.19-a0-1932-g59670f6 (webtiles) character file.

265 spe3d0 the Magician (level 5, -2/28 HPs)
             Began as a Deep Elf Fire Elementalist on Oct 25, 2016.
             Slain by an orc wizard
             ... wielding a +2 dagger of venom
              (3 damage)
             ... on level 5 of the Dungeon.
             The game lasted 00:22:25 (4058 turns).

spe3d0 the Magician (Deep Elf Fire Elementalist)    Turns: 4058, Time: 00:22:26

Health: -2/28      AC:  4    Str:  5    XL:     5   Next: 99%
Magic:  10/14      EV: 14    Int: 21    God:
Gold:   212        SH:  0    Dex: 15    Spells: 2 memorised, 10 levels left

rFire  . . .     SeeInvis .     A - +1 short sword (vamp)
rCold  . . .     Gourm    .     a - +0 robe
rNeg   . . .     Faith    .     (no shield)
rPois  .         Spirit   .     (no helmet)
rElec  .         Reflect  .     l - +0 cloak
rCorr  .         Harm     .     v - +0 pair of gloves
MR     .....                    (no boots)
Stlth  +++.......               r - amulet of inaccuracy
                                (no ring)
                                Z - ring of wizardry

@: lethally poisoned (-2 -> -8)
A: no striking features
a: no special abilities


You were on level 5 of the Dungeon.
You were full.

You visited 1 branch of the dungeon, and saw 5 of its levels.

You collected 212 gold pieces.


   Skills:
 * Level 4.2 Dodging
 * Level 4.4 Stealth
 * Level 4.9 Spellcasting
 - Level 1.1 Conjurations
 * Level 4.7 Fire Magic


You had 10 spell levels left.
You knew the following spells:

 Your Spells              Type           Power        Failure   Level  Hunger
f - Throw Flame           Conj/Fire      ###...       2%          2    None
z - Flame Tongue          Conj/Fire      ###..        1%          1    None

Inventory:

Hand Weapons
 e - a +1 dagger of speed
 A - a +1 vampiric short sword (weapon)
Armour
 a - a +0 robe (worn)
 l - a +0 cloak (worn)
 v - a +0 pair of gloves (worn)
 w - a cursed -1 cloak
 B - a +3 leather armour
Jewellery
 r - an amulet of inaccuracy (around neck)
 L - an uncursed ring of flight
 Z - a ring of wizardry (left hand)
Wands
 u - a wand of random effects (38/48)
Scrolls
 f - a scroll of enchant weapon {unknown}
 g - a scroll of magic mapping
 j - 6 scrolls of remove curse {@r2}
 k - a scroll of blinking
 m - 3 scrolls of amnesia
 n - 2 scrolls of teleportation {unknown}
 o - 7 scrolls of identify {unknown}
 p - 2 scrolls of immolation {unknown}
 q - 3 scrolls of noise {unknown}
 s - a scroll of recharging {unknown}
 x - a scroll of enchant armour {unknown}
 y - a scroll of fear {unknown}
Potions
 d - 2 potions of resistance {unknown}
 t - 3 potions of curing {unknown}
 z - a potion of flight {unknown}
Books
 b - a book of Flames

   Spells                             Type                      Level
   a - Flame Tongue                   Conjuration/Fire             1
   b - Throw Flame                    Conjuration/Fire             2
   c - Conjure Flame                  Conjuration/Fire             3
   d - Inner Flame                    Hexes/Fire                   3
   e - Sticky Flame                   Conjuration/Fire             4
   f - Fireball                       Conjuration/Fire             5

Dungeon Overview and Level Annotations

Branches:
Dungeon (5/15)
 Temple: D:4-7

Altars:
The Shining One

Shops:
D:4

[ Y#
#.##..######o####...#
. #### #.## ##.{.#
#...# #. #.. ##.#
#..### #...# #.##>#
#..# #.## #####
#....## #.#####.#
#...###.##.o..#
##.#..##.##.####
##..##....##.#
#..######.@{o# #.##
##.#### #.# ##..# #.#
#...# #.# #..## #.#
#.## ##.# #.# #..#
#.# #.## #.#


You could see an orc.


Message History

The orc wizard gestures at you while chanting.
The puff of flame hits you!
The orc wizard casts a spell.
The orc wizard flickers and vanishes!
Deactivating autopickup; reactivate with Ctrl-A.
The orc priest mumbles some strange prayers to Beogh against you.
Beogh smites you!
* * * LOW HITPOINT WARNING * * *
A puff of flame appears from out of thin air!
The puff of flame misses you.
You miss something.
You hear some strange, mumbled words.
A magic dart appears from out of thin air!
The magic dart hits you!
* * * LOW HITPOINT WARNING * * *
You miss something.
You hear some strange, mumbled words.
A puff of flame appears from out of thin air!
The puff of flame hits you!
* * * LOW HITPOINT WARNING * * *
You miss something.
You hear some strange, mumbled words.
A magic dart appears from out of thin air!
The magic dart hits you!
* * * LOW HITPOINT WARNING * * *
You hit something. Something hits you.
* * * LOW HITPOINT WARNING * * *
You are lethally poisoned!
Something hits you.
You die...

Skill      XL: |  1  2  3  4 |
---------------+-------------+-----
Dodging        | 3 4 |  4.2
Stealth        | 3 4 |  4.4
Fire Magic     | 4 |  4.7
Spellcasting   | 4 |  4.9
Conjurations   | |  1.1

Action                   |  1- 3 |  4- 6 || total
-------------------------+-------+-------++-------
Melee: Dagger            |    14 |     3 ||    17
       Short sword       |       |     4 ||     4
 Cast: Flame Tongue      |    75 |    38 ||   113
       Throw Flame       |     2 |    26 ||    28
  Use: Scroll            |     5 |       ||     5
  Eat: Chunk             |     4 |     3 ||     7
       Meat ration       |       |     1 ||     1
       Bread ration      |       |     1 ||     1
       Royal jelly       |       |     1 ||     1
Armor: Robe              |     4 |     2 ||     6
Dodge: Dodged            |    21 |    18 ||    39

Vault maps used:
D:1:      kennysheep_arrival_seaside, minmay_pentomino_z4
D:2:      ecumenical_altar_1
D:3:      kennysheep_cluttered_room, grunt_decor_mini_mirrors
D:4:      serial_forest, infiniplex_forest_lined_3,
          infiniplex_forest_lined_corner, infiniplex_forest_lined_3,
          infiniplex_forest_straight_1, infiniplex_forest_straight_1,
          infiniplex_forest_straight_4, infiniplex_forest_lined_room_2,
          infiniplex_forest_corner_2, infiniplex_forest_clump_double,
          serial_shops, shop, nicolae_tso_carved_into_rock, uniq_menkaure
D:5:      minitemple, first_bread, uniq_grinder, uniq_crazy_yiuf_cottage

Notes
Turn   | Place    | Note
-------+----------+-------------------------------------------
     0 | D:1      | spe3d0 the Deep Elf Fire Elementalist began the quest for the Orb.
     0 | D:1      | Reached XP level 1. HP: 10/10 MP: 6/6
   263 | D:1      | Reached XP level 2. HP: 14/15 MP: 1/8
   879 | D:1      | Reached XP level 3. HP: 19/19 MP: 2/9
   882 | D:1      | Reached skill level 3 in Dodging
  1252 | D:2      | Reached skill level 3 in Stealth
  1264 | D:2      | Found a faded altar of an unknown god.
  1330 | D:2      | Learned a level 2 spell: Throw Flame
  1827 | D:3      | Reached skill level 4 in Fire Magic
  2345 | D:3      | Reached XP level 4. HP: 24/24 MP: 8/11
  2901 | D:3      | Reached skill level 4 in Spellcasting
  3082 | D:4      | Noticed Menkaure
  3091 | D:4      | Killed Menkaure
  3091 | D:4      | Reached skill level 4 in Dodging
  3091 | D:4      | Reached skill level 4 in Stealth
  3091 | D:4      | Reached XP level 5. HP: 28/28 MP: 4/14
  3218 | D:4      | Found Kaamnet's Antique Armour Shop.
  3622 | D:4      | Found a glowing golden altar of the Shining One.
  3829 | D:4      | Noticed an ogre
  3875 | D:5      | Entered Level 5 of the Dungeon
  3905 | D:5      | Noticed an ice beast
  3924 | D:5      | Noticed a centaur
  4057 | D:5      | HP: 2/28 [something/magic dart (2)]
  4058 | D:5      | Slain by an orc wizard

Vanquished Creatures
  Menkaure (D:4)
  An orc wizard (D:4)
  A gnoll (D:5)
  An adder (D:3)
  2 oozes
  2 worms (D:3)
  A dart slug (D:1)
  3 leopard geckos
  7 orcs
  4 giant cockroaches
  9 goblins
  6 hobgoblins
  4 jackals (D:1)
  6 kobolds
  A quokka (D:2)
  3 ball pythons
  3 bats
  3 frilled lizards
  5 rats
63 creatures vanquished.
